Map: Golden Wall LE

Players

NORTHAMERICA - Winner!

  • Race: Protoss Protoss
  • League: Grandmaster
  • Spawn Location: 5:00

RunaMoK

  • Race: Terran Terran
  • League: Master
  • Spawn Location: 7:00

VOD

Have the link to the VOD?

Description

Time

  • Played on: May 31, 2020, 1:20 a.m.
  • Length: 28:59
Show
View Real Time Build Order
Export as new Build Order

NORTHAMERICA Protoss - Winner!

Build Orders: 1 Gate Expand, Blink Stalkers, Colossus Rush 

Get SALT Encoding   

  12  0:01  Probe  
  13  0:13  Probe  
  14  0:18  Pylon  
  14  0:25  Probe  
  15  0:37  Probe (Chrono Boost)  
  15  0:38  Gateway  
  16  0:48  Probe (Chrono Boost), Assimilator  
  17  0:53  Probe (Chrono Boost)  
  18  1:04  Probe  
  19  1:16  Probe  
  20  1:25  Nexus  
  20  1:34  Cybernetics Core  
  20  1:36  Probe  
  21  1:45  Assimilator  
  21  1:48  Probe  
  21  1:52  Pylon  
  22  2:01  Probe  
  23  2:08  Adept (Chrono Boost)  
  23  2:11  Warp Gate  
  23  2:13  Probe  
  26  2:25  Twilight Council, Probe  
  27  2:34  Stalker  
  29  2:38  Probe (Chrono Boost)  
  29  2:40  Probe (Chrono Boost)  
  31  2:49  Probe (Chrono Boost)  
  33  2:52  Probe (Chrono Boost)  
  33  2:54  Probe (Chrono Boost)  
  34  3:00  Blink (Chrono Boost)  
  34  3:01  Probe  
  34  3:04  Probe  
  36  3:13  Probe  
  36  3:17  Probe  
  38  3:24  Gateway  
  38  3:25  Probe  
  38  3:26  Gateway  
  39  3:29  Probe  
  40  3:37  Probe  
  40  3:38  Robotics Facility  
  40  3:41  Probe  
  42  3:49  Probe  
  42  3:53  Probe  
  42  3:54  Pylon  
  42  3:57  Pylon  
  42  4:00  Assimilator  
  42  4:02  Probe  
  43  4:04  Assimilator  
  43  4:05  Probe, Stalker  
  46  4:14  Probe  
  47  4:17  Probe  
  47  4:22  Stalker x2  
  52  4:26  Probe, Observer  
  52  4:28  Robotics Bay  
  52  4:29  Probe  
  55  4:31  Pylon  
  55  4:36  Stalker  
  55  4:38  Probe  
  58  4:45  Forge  
  58  4:47  Observer  
  58  4:48  Stalker  
  58  4:50  Stalker  
  63  4:58  Shield Battery  
  63  5:08  Sentry, Nexus  
  63  5:09  Pylon  
  65  5:19  Colossus (Chrono Boost)  
  70  5:28  Extended Thermal Lance  
  70  5:32  Gateway  
  70  5:33  Probe  
  71  5:38  Stalker x2  
  75  5:43  Pylon x2  
  75  5:46  Pylon  
  75  5:50  Zealot  
  77  5:57  Colossus (Chrono Boost)  
  78  6:17  Adept x3  
  71  6:18  Probe x2  
  67  6:30  Probe (Chrono Boost)  
  67  6:34  Probe (Chrono Boost)  
  67  6:42  Probe (Chrono Boost)  
  67  6:45  Dark Shrine  
  67  6:46  Probe (Chrono Boost)  
  67  6:47  Probe (Chrono Boost)  
  69  6:51  Observer  
  70  6:55  Probe  
  70  6:57  Probe  
  73  7:07  Warp Prism (Chrono Boost), Probe  
  73  7:09  Probe  
  73  7:10  Nexus  
  76  7:19  Probe  
  76  7:21  Probe  
  78  7:26  Charge  
  78  7:31  Probe  
  78  7:33  Probe  
  78  7:35  Observer  
  80  7:41  Observer  
  80  7:42  Disruptor  
  80  7:43  Probe, Protoss Ground Weapons Level 1 (Chrono Boost)  
  84  7:45  Probe  
  85  7:55  Probe  
  85  7:57  Probe  
  87  8:07  Probe  
  87  8:09  Probe  
  87  8:10  Observer  
  89  8:18  Zealot x3, Dark Templar  
  89  8:19  Probe (Chrono Boost)  
  98  8:25  Forge  
  98  8:26  Probe (Chrono Boost)  
  99  8:31  Probe (Chrono Boost)  
  102  8:34  Probe (Chrono Boost)  
  102  8:36  Probe x2 (Chrono Boost)  
  102  8:37  Disruptor (Chrono Boost)  
  106  8:42  Probe  
  106  8:45  Probe  
  106  8:46  Probe  
  109  8:51  Protoss Ground Armor Level 1 (Chrono Boost)  
  109  8:53  Zealot x4  
  117  8:56  Probe  
  117  8:58  Probe x2  
  112  9:06  Disruptor (Chrono Boost)  
  112  9:08  Probe  
  116  9:12  Templar Archives  
  116  9:13  Assimilator, Gateway  
  116  9:18  Assimilator  
  116  9:21  Probe  
  117  9:30  Pylon  
  117  9:31  Pylon  
  117  9:33  Pylon  
  117  9:35  Pylon  
  117  9:36  Protoss Ground Weapons Level 2 (Chrono Boost)  
  117  9:39  Observer  
  117  9:48  Probe, Disruptor  
  121  9:55  Probe  
  121  9:57  Nexus  
  121  9:58  Pylon  
  122  10:02  Probe  
  122  10:05  Dark Templar  
  122  10:06  Stalker x2, Dark Templar  
  128  10:08  Probe, Pylon  
  129  10:14  Archon  
  129  10:17  Probe  
  129  10:18  Gateway  
  129  10:19  Probe  
  129  10:20  Gateway  
  131  10:26  Immortal (Chrono Boost)  
  131  10:31  Zealot x2  
  139  10:36  Probe  
  139  10:38  Photon Cannon  
  139  10:39  Probe, Shield Battery  
  139  10:41  Probe  
  142  10:43  Zealot  
  142  10:44  High Templar x2  
  142  10:49  Probe  
  147  10:54  Probe  
  148  10:58  Archon, High Templar x2  
  148  10:59  Probe  
  148  11:00  Protoss Ground Armor Level 2 (Chrono Boost)  
  150  11:05  Probe  
  150  11:06  Probe  
  150  11:07  Archon  
  150  11:09  Zealot  
  150  11:11  Immortal (Chrono Boost)  
  158  11:14  Gateway  
  158  11:15  Gateway  
  154  11:26  High Templar x4  
  154  11:30  Archon  
  154  11:31  Archon  
  158  11:42  Warp Prism (Chrono Boost)  
  153  11:52  Zealot x2  
  151  12:02  Zealot x3  
  147  12:09  Gateway  
  147  12:13  Pylon  
  147  12:14  Gateway  
  144  12:16  Assimilator  
  144  12:18  Assimilator  
  144  12:20  Zealot  
  144  12:21  Pylon, Zealot x3  
  149  12:25  Zealot  
  107  12:47  Zealot x5  
  107  12:48  Zealot  
  107  12:51  Immortal  
  107  12:56  Probe x2  
  109  13:04  Twilight Council, Psionic Storm  
  109  13:07  Sentry  
  109  13:08  Stalker x2  
  109  13:09  Stalker x5  
  109  13:11  Protoss Shields Level 1 (Chrono Boost)  
  125  13:15  Probe  
  126  13:28  Nexus  
  126  13:29  Pylon  
  126  13:32  Stalker x3  
  131  13:36  Probe  
  131  13:41  High Templar  
  134  13:42  High Templar  
  136  13:52  Probe  
  136  13:53  Probe, Photon Cannon  
  138  13:56  Zealot x2  
  138  14:01  Probe  
  143  14:05  Probe  
  143  14:07  Protoss Ground Weapons Level 3 (Chrono Boost)  
  142  14:11  Zealot  
  142  14:12  Zealot x3  
  142  14:14  Stalker  
  148  14:22  Probe  
  147  14:24  Probe  
  147  14:29  Colossus (Chrono Boost)  
  154  14:35  Probe  
  155  14:41  High Templar  
  155  14:42  Zealot  
  155  14:45  High Templar  
  161  14:49  High Templar x2  
  155  14:53  Protoss Ground Armor Level 3 (Chrono Boost)  
  155  14:58  Shield Battery, Photon Cannon  
  155  15:10  Stalker x3, Assimilator  
  155  15:13  Colossus (Chrono Boost)  
  167  15:23  Zealot x5  
  175  15:38  Zealot x3  
  171  15:54  Dark Templar  
  171  15:56  Dark Templar  
  173  16:02  Probe  
  165  16:26  Probe x2  
  165  16:27  Probe  
  162  16:32  Stalker  
  162  16:38  Probe  
  153  16:40  Stalker x2  
  157  16:48  Pylon  
  157  16:49  Pylon  
  157  16:50  Pylon  
  157  16:52  Pylon  
  157  16:57  Warp Prism (Chrono Boost)  
  157  17:00  Dark Templar x2  
  156  17:05  Archon  
  156  17:08  High Templar x2  
  156  17:09  Stalker x3  
  156  17:12  Probe  
  156  17:15  Probe  
  164  17:20  Stalker  
  166  17:25  Nexus  
  166  17:28  Pylon  
  166  17:29  Robotics Facility  
  166  17:30  Disruptor (Chrono Boost)  
  166  17:35  Stalker x2  
  166  17:36  Stalker x3  
  169  17:55  Stalker x3  
  173  18:00  Stalker  
  173  18:01  Stalker x3  
  177  18:13  Zealot  
  177  18:19  Zealot x2  
  183  18:26  Archon, Nexus, Zealot x3  
  189  18:29  Probe, Pylon  
  190  18:49  Cybernetics Core  
  190  18:52  Pylon  
  190  18:53  Pylon  
  190  18:55  Pylon  
  190  18:57  Pylon  
  190  19:00  Pylon  
  190  19:10  Probe  
  190  19:17  Pylon, High Templar  
  193  19:18  High Templar  
  193  19:19  High Templar  
  193  19:21  Pylon  
  193  19:22  High Templar  
  199  19:27  Pylon  
  199  19:32  Probe  
  188  19:40  Probe  
  188  19:45  Stargate  
  187  19:48  Stargate, Assimilator, Robotics Facility  
  187  19:50  High Templar x3  
  193  19:53  Zealot x3, Assimilator  
  193  19:56  Archon x2  
  199  20:03  Probe  
  199  20:08  Protoss Air Weapons Level 1 (Chrono Boost)  
  170  20:39  Stalker x2  
  170  20:40  Stalker  
  170  20:41  Fleet Beacon, Stalker x2  
  170  20:42  Stalker  
  182  20:46  Nexus  
  182  20:47  Probe, Pylon  
  183  21:01  Probe  
  184  21:08  Pylon, Nexus  
  184  21:10  Stalker x2  
  179  21:21  Zealot x5  
  189  21:35  Carrier x2 (Chrono Boost)  
  189  21:36  Stargate  
  189  21:37  Zealot x2  
  197  21:52  Forge  
  197  21:54  Shield Battery  
  197  21:56  Shield Battery  
  197  22:06  Pylon  
  197  22:12  Robotics Bay  
  197  22:35  Carrier (Chrono Boost)  
  163  22:39  Zealot x6  
  163  22:40  Zealot  
  155  22:57  Carrier x2 (Chrono Boost)  
  137  23:02  Zealot  
  151  23:10  Zealot x2  
  151  23:11  Zealot  
  155  23:17  High Templar x2  
  155  23:18  High Templar  
  155  23:19  Disruptor (Chrono Boost)  
  160  23:24  Archon  
  160  23:27  Probe  
  159  23:35  Carrier (Chrono Boost)  
  165  23:54  Carrier  
  165  23:55  Zealot x3  
  173  23:56  Zealot x2  
  163  24:13  Zealot  
  163  24:17  Carrier  
  169  24:19  Zealot  
  169  24:20  Zealot x2  
  169  24:23  Disruptor (Chrono Boost)  
  176  24:46  Stalker x2  
  176  24:49  Carrier  
  176  24:52  Probe  
  187  24:53  Probe  
  187  24:56  Probe  
  187  24:58  Probe  
  187  24:59  Probe  
  185  25:04  Pylon  
  181  25:28  Carrier  
  181  25:29  Probe  
  181  25:35  Stalker x4  
  186  25:38  Probe  
  181  25:45  Carrier  
  173  26:12  Stalker x4  
  170  26:25  Probe  
  159  26:44  Zealot x2  
  159  26:45  Zealot x2  
  133  27:12  Stalker x3  
  106  27:50  Stalker  
  102  27:56  Pylon  
  102  28:21  Pylon  
  102  28:23  Pylon  
  102  28:24  Pylon  
  102  28:32  Archon  
  99  28:39  Probe  
Show
View Real Time Build Order
Export as new Build Order

RunaMoK Terran 

Build Orders: Reaper Expand 

Get SALT Encoding   

  12  0:01  SCV  
  13  0:14  SCV  
  14  0:17  Supply Depot  
  14  0:26  SCV  
  15  0:39  SCV  
  15  0:42  Barracks  
  16  0:45  Refinery  
  16  0:51  SCV  
  17  1:03  SCV  
  18  1:15  SCV  
  19  1:29  Reaper  
  19  1:30  Orbital Command  
  20  1:41  Command Center  
  20  1:48  Supply Depot  
  20  1:55  SCV  
  21  2:01  Marine  
  22  2:09  Factory  
  22  2:13  Bunker  
  22  2:16  SCV  
  22  2:22  Barracks Reactor  
  23  2:25  Refinery  
  23  2:29  SCV  
  24  2:42  SCV  
  25  2:54  SCV  
  25  2:58  Starport  
  26  3:01  Orbital Command  
  26  3:04  Widow Mine, Marine x2  
  30  3:10  SCV  
  30  3:22  SCV  
  30  3:23  Marine x2  
  30  3:25  Widow Mine  
  35  3:31  SCV  
  36  3:34  SCV  
  36  3:35  Medivac  
  36  3:36  Supply Depot  
  39  3:41  Marine x2  
  41  3:54  Factory Reactor  
  41  3:55  Factory Tech Lab  
  41  3:57  SCV  
  41  3:58  SCV  
  41  3:59  Supply Depot, Marine x2  
  45  4:09  SCV  
  46  4:10  SCV  
  46  4:16  Supply Depot  
  50  4:17  Marine, Siege Tank  
  50  4:18  Marine  
  50  4:21  SCV  
  50  4:22  SCV  
  54  4:27  Supply Depot  
  54  4:28  Liberator  
  57  4:33  SCV  
  57  4:34  SCV  
  57  4:35  Marine  
  57  4:37  Marine  
  61  4:50  SCV x2  
  61  4:51  Siege Tank  
  66  4:53  Supply Depot, Marine  
  66  4:55  Marine  
  68  5:04  SCV x2  
  70  5:10  Command Center  
  70  5:11  Marine  
  71  5:19  SCV x2  
  71  5:21  Supply Depot, Marine  
  73  5:23  Siege Tank  
  73  5:25  Supply Depot  
  77  5:32  SCV x2  
  77  5:34  Barracks  
  77  5:35  Barracks  
  79  5:37  Starport Tech Lab  
  79  5:44  SCV x2  
  81  5:51  Engineering Bay x2  
  81  5:56  SCV x2  
  78  6:01  Refinery, Siege Tank  
  78  6:03  Refinery  
  78  6:08  SCV x2  
  77  6:18  Marine  
  72  6:19  Raven, Marine  
  72  6:20  SCV x2  
  77  6:27  SCV  
  77  6:31  Terran Infantry Weapons Level 1  
  77  6:32  SCV  
  76  6:34  SCV  
  76  6:35  Marine  
  76  6:39  Barracks  
  78  6:41  Barracks Tech Lab, Barracks  
  78  6:43  Orbital Command  
  78  6:47  SCV x2  
  78  6:51  Terran Infantry Armor Level 1  
  80  6:57  Marine x2  
  80  6:58  Marine  
  80  6:59  Stimpack  
  83  7:02  Marine  
  84  7:11  Starport Reactor  
  84  7:15  Supply Depot, Marine x2  
  84  7:16  Marine  
  84  7:19  Supply Depot x2  
  84  7:20  Marine  
  84  7:21  Supply Depot  
  88  7:23  SCV x2  
  88  7:25  Bunker  
  88  7:26  Combat Shield  
  88  7:27  Siege Tank  
  93  7:33  Marine  
  93  7:34  Barracks Reactor  
  93  7:35  Barracks Tech Lab  
  93  7:36  Marine  
  97  7:37  Marauder, Marine  
  97  7:38  Missile Turret  
  97  7:40  Missile Turret  
  97  7:41  SCV x2  
  100  7:49  Orbital Command  
  100  7:51  Armory, Marine  
  101  7:53  SCV x2  
  101  7:56  Marauder  
  105  8:04  Refinery x2  
  105  8:10  Medivac x2  
  109  8:15  SCV  
  109  8:16  SCV x2  
  112  8:28  SCV  
  112  8:30  SCV, Missile Turret  
  112  8:32  Marauder, Marine x4  
  112  8:33  Bunker, Marauder  
  122  8:38  Missile Turret x2  
  122  8:40  SCV x2  
  123  8:44  Supply Depot  
  123  8:45  Supply Depot  
  123  8:48  Siege Tank  
  125  8:59  Marauder x2, Marine x5  
  134  9:06  SCV x2  
  134  9:08  Missile Turret  
  136  9:13  Supply Depot  
  136  9:15  Viking, Supply Depot  
  138  9:17  Marine x5  
  143  9:26  Siege Tank  
  143  9:28  Terran Infantry Armor Level 2, Terran Infantry Weapons Level 2  
  143  9:31  Terran Vehicle Weapons Level 1  
  146  9:37  Marauder x2, Marine x2  
  152  9:40  Concussive Shells  
  152  9:42  Supply Depot  
  152  9:43  Supply Depot  
  152  9:44  Supply Depot  
  152  9:51  Medivac x2  
  156  10:02  Marine  
  156  10:03  Marauder x2, Marine x4  
  165  10:12  Siege Tank  
  168  10:17  Supply Depot  
  168  10:18  Supply Depot  
  168  10:19  Ghost Academy  
  168  10:20  Marine x2  
  168  10:21  Medivac x2, Marauder, Marine x2  
  171  10:24  Marine x2  
  180  10:37  Command Center  
  180  10:38  Marine x3  
  180  10:42  Marauder  
  185  10:45  Marine  
  185  10:46  Marauder, Siege Tank  
  185  10:47  Marauder  
  193  10:56  Marine x2  
  191  11:20  Siege Tank  
  191  11:22  Medivac x2  
  194  11:48  Marine  
  194  11:49  Marauder  
  194  11:52  Marine x2  
  194  11:53  Marauder x2, Marine  
  197  11:58  Liberator  
  196  12:06  Marine  
  197  12:10  Marauder, Marine  
  185  12:27  Marine x3  
  185  12:28  Medivac, Marauder, Siege Tank  
  185  12:29  Terran Infantry Weapons Level 3, Terran Infantry Armor Level 3  
  194  12:37  Marauder, Marine  
  132  12:46  Marine  
  132  12:47  Marauder  
  117  12:52  Marauder, Marine x2  
  117  12:54  Marine  
  119  13:02  Liberator  
  119  13:03  Liberator  
  119  13:04  Command Center, Siege Tank  
  128  13:07  Barracks  
  128  13:08  Barracks  
  128  13:09  Marine  
  128  13:10  Marauder, Marine  
  128  13:11  Marauder, Marine  
  128  13:12  Marine  
  135  13:14  Marauder  
  135  13:17  Factory  
  138  13:25  Terran Vehicle Weapons Level 2, Sensor Tower  
  138  13:27  Marine  
  138  13:28  Enhanced Shockwaves  
  138  13:31  Marauder, Marine x3  
  138  13:32  Marauder  
  146  13:40  Marauder, Siege Tank  
  147  13:48  Marine x2  
  147  13:49  Marine x2  
  147  13:52  Marauder  
  147  13:53  Marine  
  154  13:58  Marine x2  
  154  14:01  Marine  
  157  14:06  Marine x3  
  157  14:09  Marine  
  161  14:11  Marauder  
  161  14:14  Marauder  
  161  14:16  Marine  
  166  14:17  Siege Tank, Factory Tech Lab  
  166  14:19  Marauder  
  171  14:27  Missile Turret x2  
  171  14:32  Medivac x2  
  171  14:33  Marine, Barracks Tech Lab  
  171  14:34  Marine x5  
  181  14:49  Siege Tank  
  181  14:51  Siege Tank  
  187  14:53  Missile Turret  
  187  14:56  Missile Turret  
  187  14:57  Bunker, Starport  
  187  14:59  Fusion Core  
  187  15:01  Bunker  
  187  15:02  Medivac x2  
  187  15:06  Barracks Tech Lab  
  191  15:11  Planetary Fortress  
  190  15:16  Sensor Tower  
  190  15:22  Widow Mine  
  190  15:24  Widow Mine  
  194  15:36  Starport Reactor  
  194  15:39  Starport  
  186  15:53  Siege Tank  
  193  16:09  Marauder  
  193  16:10  Medivac, Marauder  
  179  16:26  Unknown x2  
  148  17:01  Marine  
  148  17:02  Marauder, Marine x7  
  148  17:04  Liberator  
  148  17:05  Liberator x3  
  170  17:12  Refinery  
  170  17:13  Refinery  
  170  17:16  Command Center x2  
  170  17:19  Marine x2  
  170  17:20  Marauder x2, Marine x4  
  180  17:23  Marine  
  180  17:24  Refinery  
  180  17:25  Refinery  
  180  17:28  Command Center  
  180  17:29  Command Center  
  181  17:44  Barracks x2  
  175  17:52  Siege Tank x2  
  161  18:07  Marauder, Marine x2  
  161  18:08  Marauder x2, Marine x4  
  161  18:11  Planetary Fortress  
  170  18:25  Marine x3  
  170  18:26  Marine x3  
  175  18:28  Marine  
  175  18:32  Marauder x2  
  180  18:36  Medivac x2  
  180  18:38  Starport Reactor  
  174  18:43  Marine x2  
  174  18:44  Marauder  
  174  18:53  Medivac  
  175  18:55  Orbital Command  
  175  19:00  Barracks Tech Lab  
  175  19:04  Barracks  
  175  19:05  Barracks Tech Lab  
  175  19:10  Medivac  
  175  19:17  Terran Ship Weapons Level 1  
  166  19:57  Barracks Tech Lab  
  166  20:11  Orbital Command x2  
  164  20:18  Marine  
  164  20:19  Marauder x2, Marine x5  
  154  20:36  Marine  
  154  20:37  Marauder  
  154  20:42  SCV x4  
  161  20:43  SCV x2  
  163  21:01  Unknown x4  
  163  21:09  Marauder x7, Marine x4  
  173  21:22  SCV  
  173  21:23  SCV x5  
  179  21:28  Liberator x6  
  197  21:35  SCV x2  
  199  21:40  Marine  
  197  22:11  Liberator  
  178  22:47  Marauder, Marine  
  171  22:53  Medivac  
  171  22:54  Medivac x2  
  159  23:01  Marauder x2, Marine x4  
  159  23:03  Viking x3  
  163  23:17  Marine  
  163  23:18  Orbital Command, Marauder x3, Marine x2  
  163  23:19  Marine x2  
  174  23:23  Viking  
  176  23:27  Marine  
  176  23:28  Marauder x2, Marine  
  182  23:34  Refinery  
  182  23:35  Refinery, Marine x2  
  178  23:53  Viking  
  166  24:05  Viking  
  166  24:10  Refinery, Marine  
  166  24:11  Marauder x2  
  161  24:25  Marauder, Marine x8  
  161  24:27  Missile Turret  
  161  24:28  Marine  
  161  24:30  Missile Turret x2  
  172  24:32  Marine x2  
  170  24:42  Command Center  
  170  24:44  Viking x2  
  170  24:45  Viking  
  170  24:46  SCV x5  
  171  24:58  SCV x4  
  174  25:04  Siege Tank  
  177  25:10  SCV x4  
  155  25:29  Viking x4  
  159  25:46  Marine  
  159  25:47  Marine x10  
  156  26:04  Marine x5  
  156  26:05  Marauder  
  133  26:33  Unknown  
  131  26:46  Unknown  
  97  27:44  Orbital Command  
  77  27:53  Command Center  
  77  27:55  Marine x9  
  85  28:13  Marine x8  
Tags
 
Add a new tag
Caveats
  • Supply blocks, unpowered buildings, or Contaminate may cause inaccurate times.
  • Supply counts are checked every 10 seconds.